Map: Void Training Stage 3

Players

tothemax

  • Race: Zerg Zerg
  • Spawn Location: 12:00

Player 2 - Winner!

  • Race: Protoss Protoss
  • Spawn Location: 6:00

VOD

Have the link to the VOD?

Description

Time

  • Played on: May 31, 2017, 7:28 p.m.
  • Length: 3:09
Show
View Real Time Build Order
Export as new Build Order

tothemax Zerg 

Build Orders: Hatch First 

Get SALT Encoding   

  12  0:02  Drone  
  13  0:14  Overlord  
  13  0:20  Drone  
  14  0:34  Drone x2  
  16  0:37  Drone  
  17  0:59  Drone  
  17  1:03  Drone, Hatchery  
  18  1:14  Extractor  
  17  1:22  Spawning Pool  
  17  1:23  Drone  
  17  1:33  Drone  
  18  1:52  Overlord  
  18  2:10  Zergling x2, Queen  
  18  2:11  Drone  
  22  2:17  Drone  
  23  2:23  Drone  
  24  2:32  Drone  
Show
View Real Time Build Order
Export as new Build Order

Player 2 Protoss - Winner!

Build Orders:  

Get SALT Encoding   

  12  0:01  Probe (Chrono Boost)  
  13  0:11  Probe (Chrono Boost)  
  14  0:21  Pylon  
  14  0:22  Probe (Chrono Boost)  
  15  0:39  Probe (Chrono Boost)  
  16  0:46  Assimilator  
  16  0:50  Probe (Chrono Boost), Gateway  
  17  0:59  Pylon  
  17  1:00  Probe (Chrono Boost)  
  18  1:29  Gateway  
  18  1:35  Assimilator  
  18  1:38  Zealot  
  18  1:43  Cybernetics Core  
  20  2:02  Zealot  
  22  2:09  Pylon  
  22  2:18  Stalker  
  24  2:37  Stalker  
  26  2:57  Pylon  
Tags
 
Add a new tag
Caveats
  • Supply blocks, unpowered buildings, or Contaminate may cause inaccurate times.
  • Supply counts are checked every 10 seconds.